 Dungeon Crawl Stone Soup version 0.30-a0-937-ga0a21ad780 (webtiles) character file.

Game seed: 8639344228816341449

100 Sobieck the Sneak (level 4, -3/21 HPs)
             Began as a Spriggan Earth Elementalist on Mar 24, 2023.
             Was a Follower of Uskayaw.
             Slain by a gnoll
             ... wielding a +0 club
              (5 damage)
             ... on level 3 of the Dungeon.
             The game lasted 00:04:36 (2157 turns).

Sobieck the Sneak (Spriggan Earth Elementalist)     Turns: 2157, Time: 00:04:36

Health: -3/21      AC:  2    Str:  4    XL:     4   Next: 46%
Magic:  14/19      EV: 17    Int: 18    God:    Uskayaw [*.....]
Gold:   163        SH:  0    Dex: 15    Spells: 3/9 levels left

rFire   . . .      SeeInvis +    a - +0 rapier {short}
rCold   . . .      Faith    .    r - orb {*Rage}
rNeg    . . .      Spirit   .    w - +0 robe
rPois   .          Reflect  .    (helmet restricted)
rElec   .          Rampage  .    (no cloak)
rCorr   .          Rage     20%  (gloves unavailable)
Will    .....                    (boots unavailable)
Stlth   +++                      (no amulet)
HPRegen 0.23/turn                e - ring of magical power
MPRegen 0.16/turn                z - ring of wizardry

@: very quick
A: very small, no large weapons, unfitting armour, see invisible, speed 3
a: Renounce Religion, Stomp


You were on level 3 of the Dungeon.
You worshipped Uskayaw.
Uskayaw was noncommittal.
You visited 1 branch of the dungeon, and saw 4 of its levels.

You collected 163 gold pieces.


Innate Abilities, Weirdness & Mutations

You are very small and have problems with some larger weapons.
You are too small for most types of armour.
You have supernaturally acute eyesight. (SInv)
You cover ground extremely quickly. (Speed+++)


   Skills:
 + Level 1.5 Short Blades
 + Level 3.2 Dodging
 + Level 3.8 Stealth
 + Level 3.4 Spellcasting
 + Level 2.4 Transmutations
 * Level 3.4 Earth Magic


You had 3 spell levels left.
You knew the following spells:

 Your Spells              Type           Power      Damage    Failure   Level
a - Sandblast             Erth           30%        2d9       1%          1
b - Passwall              Tmut/Erth      10%        N/A       2%          2
c - Stone Arrow           Conj/Erth      18%        3d8       9%          3

Your spell library contained the following spells:

 Spells                   Type           Power      Damage    Failure   Level
 Petrify                  Tmut/Erth      13%        N/A       19%         4

Inventory:

Hand Weapons
 a - a +0 rapier (weapon) {short}
   (You found it on level 2 of the Dungeon)
 d - a +0 falchion {long}
   (You found it on level 1 of the Dungeon)
 f - a +0 club {mace}
   (You took it off a goblin on level 1 of the Dungeon)
 h - a +0 club {mace}
   (You took it off a goblin on level 1 of the Dungeon)
 k - a +0 spear {polearm}
   (You found it on level 1 of the Dungeon)
 l - a +0 dagger {short}
   (You took it off a goblin on level 1 of the Dungeon)
Missiles
 m - 12 stones {throwing}
 q - 2 boomerangs {throwing}
 s - 10 poisoned darts {throwing}
Armour
 c - a +0 robe
   (You found it on level 1 of the Dungeon)
 j - a +0 robe
   (You found it on level 1 of the Dungeon)
 r - an orb of wrath (worn)
   (You found it on level 2 of the Dungeon)
 w - a +0 robe (worn)
Magical Staves
 x - a staff of death {!astaff}
   (You found it on level 2 of the Dungeon)
Jewellery
 e - a ring of magical power (left hand)
   (You found it on level 1 of the Dungeon)
 z - a ring of wizardry (right hand)
   (You found it on level 3 of the Dungeon)
Wands
 u - a wand of quicksilver (14)
   (You took it off a goblin on level 2 of the Dungeon)
Scrolls
 n - a scroll of magic mapping {unknown}
 o - a scroll of teleportation {unknown}
 v - 2 scrolls of identify {unknown}
 y - 2 scrolls of fear {unknown}
Potions
 b - a potion of magic
 g - 2 potions of curing {unknown}
 i - 3 potions of ambrosia {unknown}
 p - 2 potions of haste {unknown}
 t - 2 potions of heal wounds {unknown}

Dungeon Overview and Level Annotations

Branches:
Dungeon (4/15) Zot: 22462
 Temple: D:4-7

Altars:
Ashenzari
Uskayaw

#.##.# #.##.# #.##.#
#..#.# ##...# ###..### #
##......## ######
#..####g.##
.....####.######@.#
####...........##.##
#####...<......##..#
........##.....###.#
#####..######### #.#
###....## ##.######
###...##..# #.......#
.......^..#######.......#
................[.......#


You could see a gnoll.


Message History

Unknown command.
You climb upwards.
There is a stone staircase leading down here.
Unknown command.
Unknown command.
You start resting.
There is a stone staircase leading down here.
You climb downwards.
The kobold shouts!
The iguana misses you. The gnoll hits you with a +0 club.
There is a stone staircase leading up here.
Danger!
Unknown command.
The gnoll closely misses you. The iguana closely misses you.
The gnoll misses you.
You climb upwards.
There is a stone staircase leading down here.
Unknown command.
Unknown command.
The iguana hisses menacingly.
Unknown command.
You hit the iguana. The iguana completely misses you.
You hit the iguana but do no damage. The iguana closely misses you.
Unknown command.
You closely miss the iguana. The iguana bites you!
* * * LOW HITPOINT WARNING * * *
Unknown command.
You hit the iguana but do no damage. The iguana misses you.
Unknown command.
Casting: Sandblast (safe; 1% risk of failure)
Confirm with . or Enter, or press ? or * to list all spells.
Aiming: Sandblast (safe; 1% risk of failure)
Press: ? - help, Shift-Dir - straight line, f - iguana
Aim: an iguana (lightly wounded, 84% to hit)
The blast of sand hits the iguana but does no damage.
Casting: Sandblast (safe; 1% risk of failure)
Confirm with . or Enter, or press ? or * to list all spells.
Aiming: Sandblast (safe; 1% risk of failure)
Press: ? - help, Shift-Dir - straight line, f - you, p - iguana That would be overly suicidal.
Okay, then.
Unknown command.
Unknown command.
You are too injured to fight recklessly!
Unknown command.
You are too injured to fight recklessly!
Unknown command.
Casting: Sandblast (safe; 1% risk of failure)
Confirm with . or Enter, or press ? or * to list all spells.
Aiming: Sandblast (safe; 1% risk of failure)
Press: ? - help, Shift-Dir - straight line, f - iguana
Aim: an iguana (lightly wounded, 84% to hit)
The blast of sand hits the iguana but does no damage.
Casting: Sandblast (safe; 1% risk of failure)
Confirm with . or Enter, or press ? or * to list all spells.
Aiming: Sandblast (safe; 1% risk of failure)
Press: ? - help, Shift-Dir - straight line, f/p - iguana
Aim: an iguana (lightly wounded, 84% to hit)
The blast of sand misses the iguana.
Casting: Sandblast (safe; 1% risk of failure)
Confirm with . or Enter, or press ? or * to list all spells.
Aiming: Sandblast (safe; 1% risk of failure)
Press: ? - help, Shift-Dir - straight line, f/p - iguana
Aim: an iguana (lightly wounded, 84% to hit)
The blast of sand hits the iguana!
Casting: Sandblast (safe; 1% risk of failure)
Confirm with . or Enter, or press ? or * to list all spells.
Aiming: Sandblast (safe; 1% risk of failure)
Press: ? - help, Shift-Dir - straight line, f/p - iguana
Aim: an iguana (heavily wounded, 84% to hit)
The blast of sand hits the iguana but does no damage.
The iguana barely misses you.
Unknown command.
Casting: Sandblast (safe; 1% risk of failure)
Confirm with . or Enter, or press ? or * to list all spells.
Aiming: Sandblast (safe; 1% risk of failure)
Press: ? - help, Shift-Dir - straight line, f/p - iguana
Aim: an iguana (heavily wounded, 84% to hit)
The blast of sand hits the iguana!
You kill the iguana!
Casting: Sandblast (safe; 1% risk of failure)
Confirm with . or Enter, or press ? or * to list all spells.
Aiming: Sandblast (safe; 1% risk of failure)
Press: ? - help, Shift-Dir - straight line, f - gnoll
Aim: a gnoll, wielding a +0 club (84% to hit)
The blast of sand hits the gnoll but does no damage.
You hit the gnoll but do no damage. The gnoll closely misses you.
You barely miss the gnoll. The gnoll hits you with a +0 club!
* * * LOW HITPOINT WARNING * * *
You completely miss the gnoll. The gnoll misses you.
Unknown command.
Casting: Sandblast (safe; 1% risk of failure)
Confirm with . or Enter, or press ? or * to list all spells.
Aiming: Sandblast (safe; 1% risk of failure)
Press: ? - help, Shift-Dir - straight line, f/p - gnoll
Aim: a gnoll, wielding a +0 club (84% to hit)
The blast of sand hits the gnoll.
The gnoll hits you with a +0 club.
* * * LOW HITPOINT WARNING * * *
The gnoll hits you with a +0 club.
You die...

Skill      XL: |  1  2  3 |
---------------+----------+-----
Earth Magic    | 3 |  3.4
Dodging        | 3 |  3.2
Spellcasting   | 3 |  3.4
Transmutations | 2 |  2.4
Short Blades   | 1 |  1.5
Stealth        | |  3.8

Action                     |  1- 3 |  4- 6 || total
---------------------------+-------+-------++-------
  Melee: Rapier            |       |    10 ||    10
   Cast: Sandblast         |    49 |    12 ||    61
 Armour: Robe              |       |     1 ||     1
  Dodge: Dodged            |     4 |    12 ||    16

Levels and vault maps discovered:
D:1:      dpeg_arrival_erosion, layout_loops_ring,
          ebering_ecumenical_altar_abandoned
D:2:      layout_basic, hangedman_decor_peaks_small, kennysheep_big_empty_room,
          kennysheep_generic_room_7
D:3:      layout_rooms, nicolae_overflow_two_pavilions
D:4:      layout_basic, mainiacjoe_overflow_alcove_4

Notes
Turn   | Place    | Note
-------+----------+-------------------------------------------
     0 | D:1      | Sobieck the Spriggan Earth Elementalist began the quest for
                  | the Orb.
     0 | D:1      | Reached XP level 1. HP: 9/9 MP: 5/5
   437 | D:1      | Reached XP level 2. HP: 13/13 MP: 6/6
   564 | D:1      | Found a faded altar of an unknown god.
   566 | D:1      | Reached skill level 3 in Earth Magic
   796 | D:2      | Reached skill level 3 in Dodging
   796 | D:2      | Reached XP level 3. HP: 16/16 MP: 8/8
   834 | D:2      | Reached skill level 3 in Spellcasting
   867 | D:2      | Reached skill level 2 in Transmutations
  1038 | D:2      | Reached skill level 1 in Short Blades
  1584 | D:3      | Learned a level 2 spell: Passwall
  1737 | D:3      | Learned a level 3 spell: Stone Arrow
  1803 | D:3      | Found a hide-covered altar of Uskayaw.
  1803 | D:3      | Found a broken altar of Ashenzari.
  1822 | D:3      | Became a worshipper of Uskayaw the Reveller
  1968 | D:4      | Reached * piety under Uskayaw
  1969 | D:4      | Reached XP level 4. HP: 21/21 MP: 9/9
  1970 | D:4      | Reached ** piety under Uskayaw
  2033 | D:4      | Noticed a scorpion
  2157 | D:3      | HP: 2/21 [gnoll/+0 club (5)]
  2157 | D:3      | Slain by a gnoll

Vanquished Creatures
  An iguana (D:3)
  3 adders
  A worm (D:2)
  2 dart slugs (D:2)
  An orc (D:4)
  A bat (D:2)
  5 endoplasms
  3 giant cockroaches
  4 goblins
  4 hobgoblins
  3 kobolds
  A quokka (D:2)
  4 ball pythons
  3 frilled lizards
  2 rats
38 creatures vanquished.

Table legend:
 A = Non-vault XP
 B = Vault XP
 C = Vault XP percentage of total XP
 D = Non-vault monster count
 E = Vault monster count
 F = Vault count percentage of total count
                 A         B        C        D         E       F
            +---------+---------+-------+---------+---------+-------
      Total |     139 |       4 |   2.8 |      37 |       1 |   2.6
            +---------+---------+-------+---------+---------+-------
        D:1 |      25 |       0 |   0.0 |      14 |       0 |   0.0
        D:2 |      50 |       4 |   7.4 |      12 |       1 |   7.7
        D:3 |      45 |       0 |   0.0 |       8 |       0 |   0.0
        D:4 |      19 |       0 |   0.0 |       3 |       0 |   0.0
            +---------+---------+-------+---------+---------+-------

Illustrated notes

Table legend:
 A = Kills in this place as a percentage of kills in the entire game.
 B = Kills by you in this place as a percentage of kills by you in the entire game.
 C = Kills by friends in this place as a percentage of kills by friends in the entire game.
 D = Other kills in this place as a percentage of other kills in the entire game.
 E = Experience gained in this place as a percentage of experience gained in the entire game.
 F = Experience gained in this place divided by the number of levels of this place that you have seen.
                   A       B       C       D       E      F
               +-------+-------+-------+-------+-------+----------------------
         Total | 100.0 | 100.0 |   N/A |   N/A | 100.0 |  35.8
       Dungeon | 100.0 | 100.0 |   N/A |   N/A | 100.0 |  35.8
               +-------+-------+-------+-------+-------+----------------------

Table legend: (Time is in decaauts)
 A = Elapsed time spent in this place.
 B = Non-inter-level travel time spent in this place.
 C = Inter-level travel time spent in this place.
 D = Time resting spent in this place.
 E = Time spent auto-exploring this place.
 F = Levels seen in this place.
 G = Mean time per level.
                   A        B        C        D        E       F      G
               +--------+--------+--------+--------+--------+-----+--------+
         Total |   1535 |   1476 |     59 |     31 |   1184 |   4 |  383.8 |
       Dungeon |   1535 |   1476 |     59 |     31 |   1184 |   4 |  383.8 |
               +--------+--------+--------+--------+--------+-----+--------+

Top non-repeatable levels by time:
     D:1: 564 daAuts
     D:2: 541 daAuts
     D:3: 360 daAuts
     D:4: 69 daAuts
